[ AOE2 MATCH · #494049614 ]
UnrankedBurgundians vs Celts
Player's team · WIN
Rival team · LOSS
[ REPLAY ANALYSIS · EXTRACTED FROM THE RECORDED GAME ]
Feudal
11:28
Castle
15:39
Imperial
—
| APM avg | 65.3 |
| APM peak | 114 |
| eAPM avg | 32.2 |
| Villagers / military | 32 / 1 |
Focus
⚔️ 44.4% · 🌾 55.6%
Spearman ×1
Feudal
8:15
Castle
—
Imperial
—
| APM avg | 53.7 |
| APM peak | 92 |
| eAPM avg | 16.6 |
| Villagers / military | 42 / 0 |
Focus
⚔️ 13.0% · 🌾 87.0%
Match map
Initial resources + every placement click. Lines = walls · curves = elevation contours. ◆ gold · ⬟ stone · ● berries · ✦ relic · ◌ wall gap
Your base· ✓ Closed at 15:39 · 21t walls · 2 gate(s)
samm's base· ✓ Closed at 12:00 · 4t walls · 3 gate(s)
Smoothed initial terrain · ◌ = detected wall gap · hover for details
Inputs per minute
— Mutn - - samm
Build order — Mutn
71 actions detected in the replay
| 0:00 | Queue | Villager (Male) |
| 0:00 | Queue | Villager (Male) |
| 0:02 | Build | House |
| 0:02 | Build | House |
| 0:06 | Queue | Villager (Male) |
| 0:07 | Queue | Villager (Male) |
| 1:14 | Queue | Villager (Male) |
| 1:50 | Build | Lumber Camp |
| 2:02 | Queue | Villager (Male) |
| 2:29 | Queue | Villager (Male) |
| 2:29 | Queue | Villager (Male) |
| 2:47 | Research | Double-Bit Axe |
| 3:03 | Queue | Villager (Male) |
| 3:25 | Queue | Villager (Male) |
| 3:34 | Build | House |
| 3:53 | Queue | Villager (Male) |
| 3:53 | Queue | Villager (Male) |
| 4:15 | Queue | Villager (Male) |
| 4:15 | Queue | Villager (Male) |
| 4:17 | Build | Mill |
| 4:43 | Queue | Villager (Male) |
| 4:43 | Queue | Villager (Male) |
| 5:04 | Queue | Villager (Male) |
| 5:22 | Build | House |
| 5:25 | Queue | Villager (Male) |
| 5:25 | Queue | Villager (Male) |
| 5:34 | Queue | Villager (Male) |
| 5:40 | Build | Farm |
| 5:58 | Build | Farm |
| 6:02 | Queue | Villager (Male) |
| 6:35 | Queue | Villager (Male) |
| 6:36 | Queue | Villager (Male) |
| 6:36 | Queue | Villager (Male) |
| 6:39 | Research | Horse Collar |
| 6:39 | Research | Horse Collar |
| 6:52 | Build | Farm |
| 7:01 | Queue | Villager (Male) |
| 7:47 | Queue | Villager (Male) |
| 8:13 | Queue | Villager (Male) |
| 8:16 | Build | House |
| 8:35 | Build | Mining Camp |
| 8:48 | Research | Loom |
| 8:49 | Research | Feudal Age |
| 9:19 | Queue | Villager (Male) |
| 9:19 | Queue | Villager (Male) |
| 9:29 | Build | House |
| 9:30 | Build | Palisade Wall |
| 9:41 | Build | Palisade Wall |
| 10:38 | Build | Barracks |
| 10:40 | Build | House |
| 10:42 | Build | House |
| 11:01 | Build | Palisade Wall |
| 11:14 | Build | Palisade Wall |
| 11:28 | Age | Feudal Age |
| 11:36 | Build | Market |
| 12:13 | Build | Blacksmith |
| 12:20 | Queue | Villager (Male) |
| 12:59 | Research | Castle Age |
| 13:05 | Build | House |
| 13:34 | Build | Palisade Wall |
| 13:47 | Build | Palisade Wall |
| 14:40 | Build | House |
| 14:43 | Build | House |
| 14:48 | Build | Palisade Wall |
| 15:10 | Queue | Villager (Male) |
| 15:10 | Queue | Villager (Male) |
| 15:36 | Queue | Spearman |
| 15:39 | Age | Castle Age |
| 15:42 | Build | Siege Workshop |
| 15:46 | Build | Farm |
| 15:48 | Build | Farm |
Build order — samm
82 actions detected in the replay
| 0:01 | Queue | Villager (Male) |
| 0:02 | Build | House |
| 0:03 | Build | House |
| 0:13 | Queue | Villager (Male) |
| 0:13 | Queue | Villager (Male) |
| 0:17 | Queue | Villager (Male) |
| 1:26 | Queue | Villager (Male) |
| 1:27 | Queue | Villager (Male) |
| 1:45 | Build | Lumber Camp |
| 1:59 | Queue | Villager (Male) |
| 1:59 | Queue | Villager (Male) |
| 2:18 | Queue | Villager (Male) |
| 2:18 | Queue | Villager (Male) |
| 2:46 | Queue | Villager (Male) |
| 2:46 | Queue | Villager (Male) |
| 3:02 | Queue | Villager (Male) |
| 3:04 | Build | House |
| 3:33 | Queue | Villager (Male) |
| 3:33 | Queue | Villager (Male) |
| 3:54 | Queue | Villager (Male) |
| 3:54 | Queue | Villager (Male) |
| 4:04 | Queue | Villager (Male) |
| 4:04 | Queue | Villager (Male) |
| 4:32 | Queue | Villager (Male) |
| 5:05 | Build | Mining Camp |
| 5:09 | Queue | Villager (Male) |
| 6:05 | Research | Feudal Age |
| 6:05 | Research | Feudal Age |
| 6:31 | Build | House |
| 7:19 | Queue | Villager (Male) |
| 8:15 | Age | Feudal Age |
| 8:19 | Build | Watch Tower |
| 8:20 | Queue | Villager (Male) |
| 8:26 | Research | Double-Bit Axe |
| 9:12 | Queue | Villager (Male) |
| 9:15 | Build | Mill |
| 9:19 | Queue | Villager (Male) |
| 9:35 | Queue | Villager (Male) |
| 9:41 | Research | Town Watch |
| 9:42 | Queue | Villager (Male) |
| 9:48 | Build | House |
| 9:51 | Build | House |
| 10:27 | Build | Outpost |
| 10:28 | Queue | Villager (Male) |
| 10:43 | Build | Watch Tower |
| 10:45 | Build | House |
| 10:57 | Queue | Villager (Male) |
| 10:58 | Research | Horse Collar |
| 11:09 | Build | Palisade Wall |
| 11:12 | Build | Palisade Wall |
| 11:29 | Queue | Villager (Male) |
| 11:31 | Build | Palisade Wall |
| 11:32 | Build | Palisade Wall |
| 11:44 | Queue | Villager (Male) |
| 12:18 | Queue | Villager (Male) |
| 12:29 | Build | Watch Tower |
| 12:33 | Build | Farm |
| 12:34 | Build | Farm |
| 12:36 | Build | Farm |
| 12:36 | Build | Farm |
| 12:40 | Build | Mining Camp |
| 12:41 | Queue | Villager (Male) |
| 12:47 | Queue | Villager (Male) |
| 12:50 | Build | Farm |
| 12:51 | Queue | Villager (Male) |
| 13:08 | Build | House |
| 13:10 | Build | Palisade Wall |
| 13:14 | Build | Palisade Wall |
| 13:22 | Queue | Villager (Male) |
| 13:45 | Build | Farm |
| 13:46 | Build | Farm |
| 14:00 | Queue | Villager (Male) |
| 14:01 | Build | Farm |
| 14:19 | Build | Farm |
| 14:24 | Queue | Villager (Male) |
| 14:33 | Build | Watch Tower |
| 14:57 | Queue | Villager (Male) |
| 15:27 | Queue | Villager (Male) |
| 15:38 | Queue | Villager (Male) |
| 16:14 | Build | House |
| 16:19 | Build | House |
| 16:20 | Queue | Villager (Male) |
Match timeline
| 8:15 | samm · age_up feudal |
| 9:30 | Mutn · wall_segment Palisade Wall x1 |
| 9:41 | Mutn · wall_segment Palisade Wall x9 |
| 10:38 | Mutn · first_building Barracks |
| 11:01 | Mutn · wall_segment Palisade Wall x7 |
| 11:09 | samm · wall_segment Palisade Wall x1 |
| 11:12 | samm · wall_segment Palisade Wall x1 |
| 11:14 | Mutn · wall_segment Palisade Wall x1 |
| 11:28 | Mutn · age_up feudal |
| 11:31 | samm · wall_segment Palisade Wall x1 |
| 11:32 | samm · wall_segment Palisade Wall x1 |
| 13:10 | samm · wall_segment Palisade Wall x1 |
| 13:14 | samm · wall_segment Palisade Wall x1 |
| 13:34 | Mutn · wall_segment Palisade Wall x1 |
| 13:47 | Mutn · wall_segment Palisade Wall x1 |
| 14:48 | Mutn · wall_segment Palisade Wall x1 |
| 15:39 | Mutn · age_up castle |
| 15:42 | Mutn · first_building Siege Workshop |
| 16:21 | samm · resign |
[ AI ANALYSIS · 1 CREDIT ]
What really happened in this match?
Wolo.gg analyzes every decision: build order, eco, micro, common mistakes by bracket. Personalized analysis on WhatsApp or Discord in 30 seconds.
Civ guide
Burgundians
Perfil
Mutn